 Dungeon Crawl Stone Soup version 0.32-a0-306-gfed3edf829 (webtiles) character file.

Game seed: 3191162406874771415

93 Aldia the Changeling (level 4, 0/33 HPs)
             Began as a Merfolk Shapeshifter on Feb 14, 2024.
             Slain by a kobold
             ... wielding a +0 whip
              (5 damage)
             ... on level 2 of the Dungeon.
             The game lasted 00:02:01 (1061 turns).

Aldia the Changeling (Merfolk Shapeshifter)         Turns: 1061, Time: 00:02:02

Health: 0/33       AC:  2    Str: 16    XL:     4   Next: 62%
Magic:  4/4        EV: 12    Int:  9    God:
Gold:   90         SH:  0    Dex: 13    Spells: 0/3 levels left

rFire   . .          .
                       - Unarmed
rCold   . . .        (no shield)
rNeg    . . .        a - +0 animal skin
rPois   .            (helmet currently unavailable)
rElec   .            (cloak currently unavailable)
rCorr   .            (gloves currently unavailable)
SInv    .            (boots currently unavailable)
Will    .....        (no amulet)
Stlth   +            (no ring)
HPRegen 0.25/turn    (no ring)
MPRegen 0.09/turn

%: no passive effects
@: beast-form
A: beast (slay +2), (nimble swimmer 2), mertail
a: Begin Untransformation


You were on level 2 of the Dungeon.
You were a hulking beast.
You visited 1 branch of the dungeon, and saw 2 of its levels.

You collected 90 gold pieces.

Inventory:

Armour
 a - a +0 animal skin (worn)
 f - a scarf of invisibility
Talismans
 c - a beast talisman (active)
 d - a flux talisman
Scrolls
 h - a scroll of enchant armour {unknown}
 i - a scroll of teleportation
 j - a scroll of noise {unknown}
 k - a scroll of enchant weapon {unknown}
 l - a scroll of poison {unknown}
Potions
 b - a potion of lignification
 e - a potion of magic {unknown}
 g - 2 potions of heal wounds {unknown}


   Skills:
 + Level 2.1 Fighting
 - Level 3.0 Dodging
 * Level 4.4 Unarmed Combat
 * Level 5.0 Shapeshifting


You couldn't memorise any spells.
You knew the following spells:

 Your Spells              Type           Power      Damage    Failure   Level
a - Frozen Ramparts       Ice            0%         1d1       77%         3

Your spell library contained the following spells:

 Spells                   Type           Power      Damage    Failure   Level
 Gell's Gravitas          Tloc           0%         N/A       77%         3
 Teleport Other           Tloc           0%         N/A       77%         3
 Leda's Liquefaction      Alch/Erth      0%         N/A       99%         4
 Petrify                  Alch/Erth      0%         N/A       99%         4
 Metabolic Englaciation   Hex/Ice        0%         N/A       100%        5
 Dispersal                Tloc           0%         N/A       100%        6


Dungeon Overview and Level Annotations

Branches:
Dungeon (2/15)

Altars:


Innate Abilities, Weirdness & Mutations

You are a hulking beast.
Your limbs bulge with bestial killing power. (Slay +2)
((You are very nimble when in or above water. (Stealth+, EV+, Speed+++)))
Your lower body shifts to a powerful aquatic tail in water.


Message History

You completely miss the ribbon worm.
The ribbon worm is almost dead.
The ribbon worm bites you.
You completely miss the ribbon worm.
The ribbon worm is almost dead.
The goblin completely misses you.
The ribbon worm expels a string of sticky webbing.
The stream of webbing hits you but does no damage.
You are caught in a web!
The goblin hits you with a +0 dagger.
The kobold throws a stone.
The stone barely misses you. The ribbon worm bites you.
You punch the ribbon worm!
You kill the ribbon worm!
The goblin misses you.
The kobold throws a stone.
The stone closely misses you.
The kobold throws a stone.
The stone hits you but does no damage. Why would you want to do that?
Your legs become a tail as you enter the water.
The goblin hits you with a +0 dagger.
* * * LOW HITPOINT WARNING * * *
You completely miss the goblin. The goblin hits you with a +0 dagger.
* * * LOW HITPOINT WARNING * * *
The kobold throws a stone.
The stone barely misses you.
You hit the goblin.
The goblin is heavily wounded.
The goblin barely misses you.
You punch the goblin!
You kill the goblin!
The kobold throws a stone.
The stone barely misses you.
Things that are here:
a +0 dagger; a goblin corpse The kobold throws a stone.
The stone hits you.
* * * LOW HITPOINT WARNING * * *
There is a faded altar of an unknown god here.
Your legs become a tail as you enter the water.
The kobold throws a stone.
The stone barely misses you.
The kobold throws a stone.
The stone hits you.
* * * LOW HITPOINT WARNING * * *
You see here a +0 scimitar.
The kobold hits you with a +0 whip.
You die...

#...§.≈.≈...# #.
#...§≈.≈≈...#
#..#...≈≈_≈≈.§.#
#######..#..≈.≈≈§§≈..#
####....
#...#≈≈≈≈.§≈≈≈#.#
.......#
.....#..§.≈..#.##
.#.#.#.##......#.≈.≈.#.##
..........####.K##)##.##
.#.#.#.#######..h....##
............##..^..###
.#.#.#......##.#####
...)........##.#
.#.#.#......##.#
....[.......##$#
.####.......##.# .#
#........##.#
####......††#


You could see a kobold.

Vanquished Creatures
  An adder (D:2)
  2 ribbon worms (D:2)
  A dart slug (D:1)
  4 bats
  3 endoplasms (D:1)
  4 giant cockroaches
  6 goblins
  6 hobgoblins
  3 quokkas (D:1)
  3 ball pythons
  A frilled lizard (D:2)
  3 kobolds
  5 rats
42 creatures vanquished.

Notes
Turn   | Place    | Note
-------+----------+-------------------------------------------
     0 | D:1      | Aldia the Merfolk Shapeshifter began the quest for the Orb.
     0 | D:1      | Reached XP level 1. HP: 15/15 MP: 1/1
    71 | D:1      | Reached XP level 2. HP: 21/21 MP: 2/2
   173 | D:1      | Reached XP level 3. HP: 14/26 MP: 3/3
   619 | D:2      | Reached XP level 4. HP: 6/33 MP: 4/4
   629 | D:2      | Learned a level 3 spell: Frozen Ramparts
   936 | D:2      | Reached skill level 5 in Shapeshifting
  1009 | D:2      | Found a faded altar of an unknown god.
  1061 | D:2      | Slain by a kobold

Illustrated notes

Levels and vault maps discovered:
D:1:      lightli_arrival_quake, layout_rooms
D:2:      layout_rooms, serial_glass, glass_columns_c, glass_columns_c,
          shapermc_ecumenical_altar_starsandcircs,
          amcnicky_mini_rare_corridor_liquid, roderic_lattice_a

Skill      XL: |  1  2  3  4 |
---------------+-------------+-----
Dodging        | 3 |  3.0
Unarmed Combat | 4 |  4.4
Fighting       | 2 |  2.1
Shapeshifting  | 5 |  5.0

Action                     |  1- 3 |  4- 6 || total
---------------------------+-------+-------++-------
  Melee: Unarmed           |    72 |    52 ||   124
         Punch             |     1 |       ||     1
         Tailslap          |       |     1 ||     1
    Use: Scroll            |       |     1 ||     1
 Armour: Animal skin       |    28 |    37 ||    65
  Dodge: Dodged            |    33 |    38 ||    71

Table legend: (Time is in decaauts)
 A = Elapsed time spent in this place.
 B = Non-inter-level travel time spent in this place.
 C = Inter-level travel time spent in this place.
 D = Time resting spent in this place.
 E = Time spent auto-exploring this place.
 F = Levels seen in this place.
 G = Mean time per level.
                   A        B        C        D        E       F      G
               +--------+--------+--------+--------+--------+-----+--------+
         Total |   1049 |   1046 |      3 |     80 |    666 |   2 |  524.5 |
       Dungeon |   1049 |   1046 |      3 |     80 |    666 |   2 |  524.5 |
               +--------+--------+--------+--------+--------+-----+--------+

Top non-repeatable levels by time:
     D:1: 678 daAuts
     D:2: 371 daAuts
